 Dungeon Crawl Stone Soup version 0.19.0 (webtiles) character file.

24647 CanadianGator the Cleaver (level 12, -21/116 HPs)
             Began as a Minotaur Berserker on Nov 8, 2016.
             Was a High Priest of Trog.
             Demolished by a very large slime creature (36 damage)
             ... on level 2 of the Swamp.
             The game lasted 01:16:59 (14130 turns).

CanadianGator the Cleaver (Minotaur Berserker)     Turns: 14130, Time: 01:17:00

Health: -21/116    AC: 17    Str: 21    XL:     12   Next: 82%
Magic:  0/11       EV: 16    Int:  4    God:    Trog [*****.]
Gold:   955        SH: 12    Dex: 16    Spells: 0 memorised, 11 levels left

rFire  x . .     SeeInvis .     L - +2 broad axe (flame)
rCold  + + +     Gourm    .     w - +0 ice dragon scales
rNeg   + . .     Faith    .     M - +1 shield {AC+3}
rPois  .         Spirit   +     (helmet unavailable)
rElec  .         Reflect  .     m - +0 cloak
rCorr  .         Harm     .     (no gloves)
MR     ++...     Clarity  +     (no boots)
Stlth  ..........               f - amulet of guardian spirit
                                D - ring of positive energy
                                a - ring of protection from magic

@: no status effects
A: retaliatory headbutt, horns 3, molten scales 1, rugged brown scales 1,
clarity, cold resistance 1, deformed body, magic resistance 1
a: Berserk, Trog's Hand, Brothers in Arms, Burn Spellbooks, Renounce Religion


You were on level 2 of the Swamp.
You worshipped Trog.
Trog was extremely pleased with you.
You were hungry.

You visited 3 branches of the dungeon, and saw 15 of its levels.

You collected 955 gold pieces.

Inventory:

Hand Weapons
 E - a +4 hand axe
 L - a +2 broad axe of flaming (weapon)
 Q - a +5 dagger of venom
Missiles
 t - 6 tomahawks (quivered)
Armour
 m - a +0 cloak (worn)
 o - a +1 ring mail of cold resistance
 u - a +0 scale mail of poison resistance
 w - +0 ice dragon scales (worn)
 y - a +1 buckler of reflection
 M - a +1 shield of protection (worn)
Jewellery
 a - a ring of protection from magic (left hand)
 f - an amulet of guardian spirit (around neck)
 s - an uncursed ring of resist corrosion
 D - a ring of positive energy (right hand)
Wands
 r - a wand of paralysis (10/24)
 F - a wand of confusion (42/48)
 R - a wand of polymorph (5/24)
 T - a wand of polymorph (10/24)
 U - a wand of paralysis (4/24)
 V - a wand of random effects (23/48)
 W - a wand of confusion (17/48)
Scrolls
 b - 2 scrolls of immolation
 d - a scroll of blinking
 k - 7 scrolls of remove curse
 l - 4 scrolls of teleportation
 C - 2 scrolls of recharging
 H - 4 scrolls of fog
 I - a scroll of silence {unknown}
 K - a scroll of summoning {unknown}
 S - a scroll of magic mapping {unknown}
Potions
 e - 2 potions of agility
 h - 2 potions of curing
 n - a potion of brilliance {unknown}
 p - 3 potions of might
 q - 2 potions of cancellation
 v - 2 potions of invisibility {unknown}
 x - 2 potions of heal wounds
 A - 3 potions of cure mutation
 B - 3 potions of lignification
 G - 3 potions of flight
 N - a potion of berserk rage
Miscellaneous
 O - a lamp of fire
Comestibles
 c - 13 bread rations
 g - 5 beef jerkies
 j - 3 meat rations
 z - 9 fruits
 P - 2 slices of pizza


   Skills:
 + Level 12.8 Fighting
 + Level 12.9 Axes
 + Level 12.5 Armour
 + Level 11.5 Dodging
 + Level 7.1 Shields


You had 11 spell levels left.
You didn't know any spells.

Dungeon Overview and Level Annotations

Branches:
Dungeon (9/15)             Temple (0/1) D:7            Lair (4/6) D:9
  Swamp (2/4) Lair:4        Snake (0/4) Lair:4
    Orc: D:9-12

Altars:
Ashenzari
Cheibriados
Elyvilon
Fedhas
Gozag
Hepliaklqana
Nemelex Xobeh
Okawaru
Ru
Uskayaw
Yredelemnul
The Shining One

Shops:
D:6 !*

Annotations:
D:6 1 runed door
Lair:3 exclusion: oklob plant


Innate Abilities, Weirdness & Mutations

You reflexively headbutt those who attack you in melee.
You have a pair of large horns on your head.
You are partially covered in molten scales. (AC +2)
You are partially covered in rugged brown scales. (AC +1, +3% HP)
You possess an exceptional clarity of mind.
Your flesh is cold resistant. (rC+)
Armour fits poorly on your strangely shaped body.
You are resistant to hostile enchantments. (MR+)


Message History

The very large slime creature is heavily wounded.
The very large slime creature hits you!!
You slash the very large slime creature!
You burn the very large slime creature.
You headbutt the very large slime creature.
The very large slime creature is severely wounded.
The very large slime creature completely misses you.
You hit the very large slime creature. You burn the very large slime creature.
The very large slime creature is severely wounded.
You block the very large slime creature's attack.
You hit the very large slime creature. You burn the very large slime creature.
The very large slime creature is severely wounded.
The very large slime creature hits you!!!
* * * LOW HITPOINT WARNING * * *
You slice the very large slime creature!!
You burn the very large slime creature!
You headbutt the very large slime creature!
The very large slime creature is almost dead.
The very large slime creature hits you!!!
You die...

♣.♣♣♣≈.§.≈≈.♣
♣≈≈♣♣≈♣..≈≈♣♣
♣.≈♣.♣..♣♣.♣♣
♣.)....♣♣♣≈.♣
♣.≈≈≈≈♣♣
♣..♣♣
♣♣.≈≈.≈♣
♣...♣
♣..≈..♣♣
♣..♣♣
♣≈.≈♣.♣♣ ♣♣.♣
♣≈♣♣.≈.♣ ♣@♣
♣. ♣♣.♣♣ ♣J♣
^♣ ♣<♣ ♣.♣ ♣.
♣♣♣ ... ♣♣
♣.♣ ♣♣♣


You could see a very large slime creature.

Vanquished Creatures
  2 thorn hunters
  A hydra (Swamp:1)
  A ghost crab (Swamp:1)
  2 alligators (Swamp:1)
  Nergalle (Lair:4)
  A guardian serpent (Lair:4)
  A torpor snail (Lair:4)
  10 spiny frogs
  4 komodo dragons
  Prince Ribbit (D:9)
  A troll (D:9)
  5 blink frogs (Lair:4)
  4 slime creatures (Swamp:1)
  A spriggan (D:8)
  19 yaks
  A shadow (Swamp:1)
  2 wyverns
  2 basilisks
  4 vampire mosquitoes (Swamp:1)
  Edmund (D:5)
  A warg (Lair:3)
  5 insubstantial wisps (Swamp:1)
  2 swamp worms (Swamp:1)
  7 water moccasins
  6 porcupines
  3 sky beasts
  2 swamp drakes (Swamp:1)
  3 orc warriors
  A black bear (D:9)
  A phantom (D:9)
  3 ogres
  4 ice beasts
  2 centaurs
  8 wolves (Lair:3)
  4 crocodiles
  11 bullfrogs
  2 scorpions
  7 wights
  5 killer bees (D:8)
  A vampire bat (Lair:3)
  A howler monkey (D:9)
  2 crimson imps
  A centaur zombie (D:9)
  5 hounds
  5 orc priests
  2 jellies
  Crazy Yiuf (D:2)
  A gnoll shaman (D:6)
  A centaur skeleton (D:5)
  2 bullfrog skeletons
  7 orc wizards
  5 worker ants
  3 hell rats (Lair:1)
  2 hound skeletons
  Robin (D:2)
  3 gnolls (D:6)
  5 adders
  6 river rats
  3 shadow imps
  4 oozes
  An adder skeleton (D:9)
  An adder zombie (D:5)
  3 worms
  2 dart slugs
  5 leopard geckos
  27 orcs
  2 ball pythons (D:5)
  7 giant cockroaches
  19 goblins
  10 hobgoblins
  16 jackals
  4 quokkas
  18 bats
  8 frilled lizards
  A jackal skeleton (D:9)
  8 kobolds
  A quokka skeleton (D:8)
  23 rats
  6 fungi (D:9)
  3 plants
367 creatures vanquished.

Vanquished Creatures (others)
  Kirke (Swamp:1)
  A swamp drake (Swamp:1)
  A fungus (D:9)
3 creatures vanquished.

Grand Total: 370 creatures vanquished

Notes
Turn   | Place    | Note
-------+----------+-------------------------------------------
     0 | D:1      | CanadianGator the Minotaur Berserker began the quest for the Orb.
     0 | D:1      | Reached XP level 1. HP: 19/19 MP: 0/0
    46 | D:1      | Reached XP level 2. HP: 27/27 MP: 1/1
   298 | D:1      | Reached XP level 3. HP: 30/33 MP: 2/2
   432 | D:2      | Reached ** piety under Trog
   838 | D:2      | Reached XP level 4. HP: 21/41 MP: 1/3
   856 | D:2      | Noticed Robin
   869 | D:2      | Killed Robin
  1093 | D:2      | Found a runed door.
  1097 | D:2      | Noticed Crazy Yiuf
  1107 | D:2      | Killed Crazy Yiuf
  1310 | D:3      | Reached XP level 5. HP: 45/47 MP: 4/4
  1416 | D:3      | Found a blossoming altar of Fedhas.
  1424 | D:3      | Reached *** piety under Trog
  1455 | D:3      | Reached skill level 5 in Axes
  1458 | D:3      | Reached skill level 5 in Fighting
  2078 | D:4      | Reached XP level 6. HP: 54/56 MP: 5/5
  2554 | D:4      | Reached **** piety under Trog
  2731 | D:5      | Entered Level 5 of the Dungeon
  2742 | D:5      | Reached skill level 5 in Armour
  2791 | D:5      | Noticed a sky beast
  2802 | D:5      | Reached XP level 7. HP: 43/62 MP: 4/6
  2808 | D:5      | Gained mutation: You are partially covered in rugged brown scales. (AC +1, +3% HP) [mutagenic meat]
  2809 | D:5      | Gained mutation: You are clumsy. (Dex -2) [mutagenic meat]
  2810 | D:5      | Gained mutation: You are partially covered in slimy green scales. (AC +2) [mutagenic meat]
  2811 | D:5      | Lost mutation: You are partially covered in slimy green scales. (AC +2) [mutagenic meat]
  2841 | D:5      | Found a hide-covered altar of Uskayaw.
  3335 | D:5      | Noticed Edmund
  3350 | D:5      | Killed Edmund
  3350 | D:5      | Reached skill level 5 in Dodging
  3751 | D:6      | Reached XP level 8. HP: 73/73 MP: 7/7
  3846 | D:6      | Reached ***** piety under Trog
  4070 | D:6      | Found a white marble altar of Elyvilon.
  4070 | D:6      | Noticed an angel
  4071 | D:6      | Found a runed door.
  4198 | D:6      | Found Pimiluev's Assorted Antiques.
  4269 | D:6      | Found a sparkling altar of Nemelex Xobeh.
  4672 | D:6      | Found Kuduoghu's Distillery.
  5107 | D:7      | Found a staircase to the Ecumenical Temple.
  5147 | D:7      | Reached XP level 9. HP: 83/83 MP: 8/8
  5211 | D:7      | Found a sacrificial altar of Ru.
  5222 | D:7      | Found a snail-covered altar of Cheibriados.
  5233 | D:7      | Found a basalt altar of Yredelemnul.
  5268 | D:7      | Found a shattered altar of Ashenzari.
  5438 | D:8      | Found a hazy altar of Hepliaklqana.
  6294 | D:8      | Found a glowing golden altar of the Shining One.
  6727 | D:9      | Found a staircase to the Lair.
  6741 | D:9      | Noticed Prince Ribbit
  6861 | D:9      | Gained mutation: You have an increased reservoir of magic. (+10% MP) [mutagenic meat]
  6862 | D:9      | Gained mutation: You have a pair of large horns on your head. [mutagenic meat]
  6863 | D:9      | Gained mutation: You are partially covered in molten scales. (AC +2) [mutagenic meat]
  6865 | D:9      | Gained mutation: You are resistant to hostile enchantments. (MR+) [mutagenic meat]
  7224 | D:9      | Noticed a troll
  7231 | D:9      | Killed a troll
  7403 | D:9      | Reached XP level 10. HP: 93/93 MP: 10/10
  7845 | D:9      | Killed Prince Ribbit
  8199 | Lair:1   | Entered Level 1 of the Lair of Beasts
  8263 | Lair:1   | Reached skill level 10 in Axes
  8311 | Lair:1   | Reached skill level 10 in Fighting
  8829 | Lair:1   | Received a gift from Trog
  8900 | Lair:1   | Reached skill level 10 in Armour
  9480 | Lair:2   | Noticed a spiny frog
  9487 | Lair:2   | Killed a spiny frog
  9493 | Lair:2   | Noticed a six-headed hydra
  9763 | Lair:3   | Noticed a spiny frog
  9763 | Lair:3   | Noticed a spiny frog
  9776 | Lair:3   | Killed a spiny frog
  9779 | Lair:3   | HP: 7/144 [poisoned by a spiny frog]
  9780 | Lair:3   | HP: 3/96 [poisoned by a spiny frog]
  9787 | Lair:3   | Killed a spiny frog
  9787 | Lair:3   | Reached XP level 11. HP: 39/104 MP: 0/11
 10547 | Lair:3   | Found an opulent altar of Gozag.
 10547 | Lair:3   | Noticed an oklob plant
 11037 | Lair:4   | Reached skill level 10 in Dodging
 11037 | Lair:4   | Reached skill level 1 in Shields
 11270 | Lair:4   | Found a staircase to the Swamp.
 11311 | Lair:4   | Found a staircase to the Snake Pit.
 11899 | Lair:4   | Found an iron altar of Okawaru.
 11953 | Lair:4   | Received a gift from Trog
 12153 | Lair:4   | Noticed Nergalle
 12166 | Lair:4   | Killed Nergalle
 12191 | Lair:4   | Reached XP level 12. HP: 115/115 MP: 12/12
 12192 | Lair:4   | Lost mutation: You are clumsy. (Dex -2) [potion of mutation]
 12193 | Lair:4   | Gained mutation: You possess an exceptional clarity of mind. [potion of mutation]
 12193 | Lair:4   | Gained mutation: Armour fits poorly on your strangely shaped body. [potion of mutation]
 12193 | Lair:4   | Lost mutation: You have an increased reservoir of magic. (+10% MP) [potion of mutation]
 12194 | Lair:4   | Gained mutation: Your flesh is cold resistant. (rC+) [potion of mutation]
 12597 | Swamp:1  | Entered Level 1 of the Swamp
 12643 | Swamp:1  | Reached skill level 5 in Shields
 12686 | Swamp:1  | Noticed an alligator
 12695 | Swamp:1  | Killed an alligator
 12761 | Swamp:1  | Noticed a ghost crab
 12778 | Swamp:1  | Killed a ghost crab
 12959 | Swamp:1  | Noticed Kirke
 12964 | Swamp:1  | Noticed a thorn hunter
 12968 | Swamp:1  | Killed Kirke
 12976 | Swamp:1  | Killed a thorn hunter
 13106 | Swamp:1  | Noticed a five-headed hydra
 13107 | Swamp:1  | Noticed an alligator
 13117 | Swamp:1  | Killed a one-headed hydra
 13127 | Swamp:1  | Killed an alligator
 13679 | Swamp:2  | Noticed a thorn hunter
 13691 | Swamp:2  | Killed a thorn hunter
 14130 | Swamp:2  | Demolished by a very large slime creature

Skill      XL: |  1  2  3  4  5  6  7  8  9 10 11 12 |
---------------+-------------------------------------+-----
Fighting       | 4 5 6 8 9 10 11 12 | 12.8
Axes           | 4 5 6 8 9 10 12 | 12.9
Armour         | 3 4 5 7 8 10 11 12 | 12.5
Dodging        | 3 4 5 6 8 9 10 11 | 11.5
Shields        | 4 7 |  7.1

Action                   |  1- 3 |  4- 6 |  7- 9 | 10-12 || total
-------------------------+-------+-------+-------+-------++-------
Melee: Hand axe          |    74 |   162 |   305 |   146 ||   687
       Headbutt          |     7 |    27 |    66 |   108 ||   208
       Broad axe         |       |       |       |   291 ||   291
Invok: Berserk           |     1 |     2 |     6 |     6 ||    15
       Trog's Hand       |       |     1 |       |     2 ||     3
       Burn Spellbooks   |       |       |     2 |     2 ||     4
Evoke: Wand              |       |       |     2 |     2 ||     4
  Use: Scroll            |     5 |     5 |     9 |    12 ||    31
       Potion            |       |       |       |    10 ||    10
 Stab: Sleeping          |       |     2 |     1 |       ||     3
  Eat: Chunk             |       |     8 |    22 |     7 ||    37
       Meat ration       |       |       |     2 |       ||     2
       Fruit             |       |       |     1 |       ||     1
       Royal jelly       |       |       |     1 |       ||     1
       Bread ration      |       |       |       |     5 ||     5
Armor: Animal skin       |    12 |       |       |       ||    12
       Ring mail         |    16 |    78 |    84 |    58 ||   236
       Ice dragon scales |       |       |       |   107 ||   107
Dodge: Dodged            |    57 |   133 |   208 |   219 ||   617
Block: Shield            |       |       |     4 |   221 ||   225
